 Dungeon Crawl Stone Soup version 0.29-a0-609-gb56f46d856 (webtiles) character file.

Game seed: 8776719386569623911

634 CrazyBamboolord the Cutter (level 7, -1/44 HPs)
             Began as a Kobold Fighter on June 16, 2022.
             Was a Follower of Uskayaw.
             Splashed by a jelly's acid (8 damage)
             ... on level 5 of the Dungeon.
             The game lasted 00:13:15 (6921 turns).

CrazyBamboolord the Cutter (Kobold Fighter)         Turns: 6921, Time: 00:13:15

Health: -1/44      AC: -7    Str: 14    XL:     7   Next: 78%
Magic:  7/7        EV: 12    Int:  9    God:    Uskayaw [*.....]
Gold:   234        SH:  6    Dex: 16    Spells: 6/6 levels left

rFire   . . .      SeeInvis .   a - +0 rapier
rCold   . . .      Faith    .   c - +0 buckler
rNeg    . . .      Spirit   .   b - +0 scale mail
rPois   .          Reflect  .   (no helmet)
rElec   .          Harm     .   (no cloak)
rCorr   .          Rampage  .   f - +0 pair of gloves
Will    .....                   (no boots)
Stlth   +.........              (no amulet)
HPRegen 0.14/turn               (no ring)
MPRegen 0.10/turn               (no ring)

@: corroded
A: small, no large weapons, nightstalker 3, sense surroundings 1
a: Renounce Religion, Stomp


You were on level 5 of the Dungeon.
You worshipped Uskayaw.
Uskayaw was noncommittal.
You visited 2 branches of the dungeon, and saw 6 of its levels.

You collected 234 gold pieces.

Inventory:

Hand Weapons
 a - a +0 rapier (weapon)
Armour
 b - a +0 scale mail (worn)
 c - a +0 buckler (worn)
 f - a +0 pair of gloves (worn)
 l - a +2 leather armour of fire resistance
 o - an orb of energy
Scrolls
 e - 3 scrolls of teleportation
 h - 2 scrolls of identify {unknown}
 j - a scroll of amnesia {unknown}
 k - a scroll of immolation {unknown}
 n - a scroll of blinking
 p - 2 scrolls of fear {unknown}
 r - a scroll of noise {unknown}
 u - a scroll of enchant armour {unknown}
Potions
 d - a potion of might
 i - a potion of mutation
 m - a potion of lignification {unknown}
 q - 3 potions of attraction {unknown}
 s - a potion of haste {unknown}
 t - a potion of ambrosia {unknown}
 v - 2 potions of flight {unknown}


   Skills:
 * Level 4.9 Fighting
 * Level 7.0 Short Blades
 + Level 3.4 Armour
 * Level 3.9 Dodging
 + Level 0.4 Stealth
 + Level 3.0 Shields


You had 6 spell levels left.
You didn't know any spells.
Your spell library contained the following spells:

 Spells                   Type           Power      Damage    Failure   Level
 Inner Flame              Hex/Fire       0%         N/A       100%        3
 Cause Fear               Hex            0%         N/A       100%        4
 Discord                  Hex            0%         N/A       100%        8
 Chain Lightning          Conj/Air       0%         N/A       100%        9
 Fire Storm               Conj/Fire      0%         5d1       100%        9
 Shatter                  Erth           0%         3d5*      100%        9


Dungeon Overview and Level Annotations

Branches:
Dungeon (5/15)             Temple (1/1) D:4

Altars:
Ashenzari
Elyvilon
Gozag
Hepliaklqana
Kikubaaqudgha
Makhleb
Okawaru
Qazlal
Ru
Sif Muna
Trog
Uskayaw
Vehumet
Wu Jian
Xom
Yredelemnul
Zin
The Shining One

Annotations:
D:5 2 transporters, splatterpode's ghost, novice OpNe


Innate Abilities, Weirdness & Mutations

You are small and have problems with some larger weapons.
You are completely attuned to the shadows.
You passively map a small area around you.


Message History

The jelly is heavily wounded.
The jelly closely misses you.
You can now pass through a line of other dancers.
You hit the jelly. The acid corrodes you!
Your hands burn!
The jelly is severely wounded.
You barely miss the jelly.
The jelly is severely wounded.
The jelly barely misses you.
You hit the jelly. The acid corrodes you!
Your hands burn!
The jelly is almost dead.
The jelly hits you.
You are splashed with acid!
You hit the jelly but do no damage. The acid corrodes you!
Your hands burn!
The jelly is almost dead.
The jelly jiggles.
You block the jelly's attack.
You are too injured to fight recklessly!
You are too injured to fight recklessly!
You hit the jelly but do no damage.
Your hands burn!
The jelly is almost dead.
The jelly closely misses you.
You hit the jelly but do no damage.
Your hands burn!
The jelly is almost dead.
The jelly misses you.
You hit the jelly but do no damage.
Your hands burn!
* * * LOW HITPOINT WARNING * * *
The jelly is almost dead.
The jelly barely misses you.
You hit the jelly but do no damage.
Your hands burn!
* * * LOW HITPOINT WARNING * * *
The jelly is almost dead.
The jelly barely misses you. The jelly attacks as you move away!
The jelly hits you.
* * * LOW HITPOINT WARNING * * *
You are splashed with acid!
* * * LOW HITPOINT WARNING * * *
You can no longer pass through a line of other dancers.
You feel better. The jelly hits you.
* * * LOW HITPOINT WARNING * * *
You are splashed with acid!
You die...

.# , ,, , #.## ,
,* ,* .....* , , ,
* .....# * * *
.....#,,, * ,
.....# * * .....#
, .##########
.....#
,,.....#.J..##
.....#
,......@#)..#
..####*
,.....###...#
.....##........#
#...#
.....##........#
##...#
).<..##....<...###
...#
).[####.)........#
* #..#
#..........# ,
#..#####<#.......#
#..##............#


You could see a jelly.

Vanquished Creatures
  A black bear (D:4)
  The ghost of Aapotti the Firebug, an amateur HOFE (D:3)
  A howler monkey (D:4)
  An orc priest (D:4)
  2 iguanas
  4 orc wizards
  6 gnolls
  7 adders
  A white imp (D:3)
  2 ufetubi (D:4)
  A worm (D:3)
  A dart slug (D:4)
  13 orcs
  9 endoplasms
  4 giant cockroaches
  6 goblins
  8 hobgoblins
  2 jackals (D:3)
  7 kobolds
  2 quokkas
  4 ball pythons
  9 bats
  A frilled lizard (D:3)
  3 rats
  A spectral hobgoblin (D:1)
97 creatures vanquished.

Notes
Turn   | Place    | Note
-------+----------+-------------------------------------------
     0 | D:1      | CrazyBamboolord the Kobold Fighter began the quest for the
                  | Orb.
     0 | D:1      | Reached XP level 1. HP: 14/14 MP: 1/1
   176 | D:1      | Reached XP level 2. HP: 19/19 MP: 2/2
   247 | D:1      | Reached skill level 3 in Short Blades
   364 | D:1      | Found a faded altar of an unknown god.
   577 | D:1      | Reached XP level 3. HP: 21/23 MP: 3/3
  1443 | D:2      | Reached XP level 4. HP: 28/29 MP: 4/4
  1596 | D:2      | Reached skill level 1 in Dodging
  1746 | D:3      | Reached skill level 4 in Short Blades
  1753 | D:3      | Gained mutation: Your muscles are strong. (Str +4,
                  | Int/Dex-1) [potion of mutation]
  1753 | D:3      | Lost mutation: Your muscles are strong. (Str +4, Int/Dex-1)
                  | [potion of mutation]
  1753 | D:3      | Gained mutation: You passively map a small area around you.
                  | [potion of mutation]
  2273 | D:3      | Reached XP level 5. HP: 31/33 MP: 5/5
  3260 | D:3      | Found a glowing golden altar of the Shining One.
  3543 | D:3      | Reached XP level 6. HP: 30/39 MP: 6/6
  3633 | D:3      | Found a runed translucent door.
  3634 | D:3      | Noticed Aapotti's ghost (amateur HOFE)
  3874 | D:3      | Reached skill level 5 in Short Blades
  3898 | D:3      | Found a shimmering blue altar of Sif Muna.
  4411 | D:4      | Found a staircase to the Ecumenical Temple.
  4431 | Temple   | Entered the Ecumenical Temple
  5047 | D:5      | Entered Level 5 of the Dungeon
  5147 | D:5      | Found a hide-covered altar of Uskayaw.
  5194 | D:5      | Became a worshipper of Uskayaw the Reveller
  5216 | D:5      | Reached * piety under Uskayaw
  5266 | D:5      | Reached ** piety under Uskayaw
  5634 | D:4      | Reached skill level 6 in Short Blades
  5634 | D:4      | Reached XP level 7. HP: 23/44 MP: 7/7
  5959 | D:5      | Found a transporter.
  5962 | D:5      | Noticed splatterpode's ghost (novice OpNe)
  5963 | D:5      | Found a transporter.
  6086 | D:3      | Killed Aapotti's ghost
  6587 | D:4      | Reached skill level 7 in Short Blades
  6920 | D:5      | HP: 2/44 [acid (7)]
  6921 | D:5      | Splashed by a jelly's acid

Illustrated notes

Levels and vault maps discovered:
D:1:      dpeg_arrival_orchard, layout_basic,
          dreamdust_ecumenical_altar_drowned_temple, minmay_misc_feat_enclosed
D:2:      layout_basic
D:3:      layout_rooms, kennysheep_orc_sif_temple, mainiacjoe_overflow_chevrons,
          gammafunk_ghost_grave
D:4:      layout_loops_ring, minmay_temple_entry_statues_fountains
D:5:      due_chaos_kobolds, layout_basic, amcnicky_altar_gilded,
          mainiacjoe_overflow_large_starburst, gammafunk_ghost_smash,
          serial_curves, eino_curves_01, eino_curves_01
Temple:   regret_index_temple_waves

Skill      XL: |  1  2  3  4  5  6  7 |
---------------+----------------------+-----
Short Blades   | 3 4 6 7 |  7.0
Dodging        | 1 2 3 |  3.9
Fighting       | 4 |  4.9
Armour         | 3 |  3.4
Shields        | 3 |  3.0
Stealth        | |  0.4

Action                   |  1- 3 |  4- 6 |  7- 9 || total
-------------------------+-------+-------+-------++-------
Melee: Rapier            |   104 |   266 |    92 ||   462
Invok: Line Pass         |       |       |     1 ||     1
  Use: Potion            |       |     3 |     2 ||     5
       Scroll            |       |     1 |     1 ||     2
 Stab: Sleeping          |     1 |     2 |       ||     3
Armor: Scale mail        |    36 |   104 |    41 ||   181
Dodge: Dodged            |    52 |   136 |    73 ||   261
Block: Buckler           |    30 |    81 |    25 ||   136

Table legend: (Time is in decaauts)
 A = Elapsed time spent in this place.
 B = Non-inter-level travel time spent in this place.
 C = Inter-level travel time spent in this place.
 D = Time resting spent in this place.
 E = Time spent auto-exploring this place.
 F = Levels seen in this place.
 G = Mean time per level.
                   A        B        C        D        E       F      G
               +--------+--------+--------+--------+--------+-----+--------+
         Total |   6955 |   6654 |    301 |   1966 |   3670 |   6 | 1159.2 |
       Dungeon |   6794 |   6518 |    276 |   1966 |   3616 |   5 | 1358.8 |
        Temple |    160 |    135 |     25 |      0 |     54 |   1 |  160.0 |
               +--------+--------+--------+--------+--------+-----+--------+

Top non-repeatable levels by time:
     D:2: 1837 daAuts
     D:4: 1808 daAuts
     D:3: 1616 daAuts
     D:1: 920 daAuts
     D:5: 612 daAuts
  Temple: 160 daAuts
